 Dungeon Crawl Stone Soup version 0.18-a0-1773-gec4f98e (webtiles) character file.

136 SkaryMonk the Gusty (level 5, -4/38 HPs)
             Began as a Hill Orc Air Elementalist on Apr 14, 2016.
             Was a Follower of Kikubaaqudgha.
             Slain by a worker ant (6 damage)
             ... on level 4 of the Dungeon.
             The game lasted 00:16:38 (2714 turns).

SkaryMonk the Gusty (Hill Orc Air Elementalist)     Turns: 2714, Time: 00:16:39

Health: -4/38      AC:  4    Str: 11    XL:     5   Next: 19%
Magic:  7/7        EV: 11    Int: 16    God:    Kikubaaqudgha [*.....]
Gold:   134        SH:  0    Dex: 11    Spells: 2 memorised, 4 levels left

rFire  . . .     SeeInvis .     j - +0 hand axe
rCold  . . .     Gourm    .     u - +1 leather armour {rPois}
rNeg   . . .     Faith    .     (no shield)
rPois  +         Spirit   .     (no helmet)
rElec  .         Dismiss  .     (no cloak)
rCorr  .         Reflect  .     (no gloves)
SustAt .         Harm     .     (no boots)
MR     .....                    (no amulet)
Stlth  +.........               (no ring)
                                (no ring)

@: not resistant to hostile enchantments, very unstealthy
A: no striking features
a: Receive Corpses, Renounce Religion


You were on level 4 of the Dungeon.
You worshipped Kikubaaqudgha.
Kikubaaqudgha was aware of your devotion.
You were not hungry.

You visited 1 branch of the dungeon, and saw 4 of its levels.

You collected 284 gold pieces.
You spent 105 gold pieces at shops.
You paid 45 gold pieces to Gozag.

Notes
Turn   | Place    | Note
--------------------------------------------------------------
     0 | D:1      | SkaryMonk the Hill Orc Air Elementalist began the quest for the Orb.
     0 | D:1      | Reached XP level 1. HP: 14/14 MP: 3/3
   140 | D:1      | Reached XP level 2. HP: 20/20 MP: 0/4
   247 | D:1      | Reached skill level 3 in Air Magic
   282 | D:1      | Learned a level 2 spell: Swiftness
   927 | D:1      | Reached XP level 3. HP: 26/26 MP: 3/5
  1604 | D:2      | Reached XP level 4. HP: 31/33 MP: 4/6
  1688 | D:2      | Reached skill level 4 in Air Magic
  1746 | D:2      | Found an opulent altar of Gozag.
  1917 | D:2      | Became a worshipper of Gozag Ym Sagoz the Greedy
  2115 | D:2      | Reached skill level 1 in Axes
  2302 | D:3      | Found a faded altar to an unknown god.
  2319 | D:3      | Reached XP level 5. HP: 25/38 MP: 7/7
  2328 | D:3      | Fell from the grace of Gozag
  2328 | D:3      | Became a worshipper of Kikubaaqudgha
  2328 | D:3      | Reached * piety under Kikubaaqudgha
  2328 | D:3      | Received a gift from Kikubaaqudgha
  2328 | D:3      | Identified Kikubaaqudgha's Incunabulum of Sinister Magic (Kikubaaqudgha gifted it to you on level 3 of the Dungeon)
  2375 | D:3      | Found a basalt altar of Yredelemnul.
  2399 | D:3      | Noticed epen's ghost (amateur NaGl)
  2662 | D:4      | Found Teunerif's Tempting Trifles.
  2680 | D:4      | Bought a scroll of torment for 75 gold pieces
  2680 | D:4      | Bought a scroll of teleportation for 30 gold pieces
  2714 | D:4      | Slain by a worker ant

Inventory:

Hand Weapons
 j - a +0 hand axe (weapon)
 p - a cursed -3 hunting sling
Missiles
 q - 96 stones (quivered)
Armour
 a - a +1 robe
 f - a +0 leather armour
 u - a +1 leather armour of poison resistance (worn)
 v - a +0 pair of boots
Wands
 d - a wand of iceblast (4/15)
Scrolls
 g - a scroll of fog {unknown}
 h - 2 scrolls of remove curse {unknown}
 i - a scroll of noise {unknown}
 k - a scroll of enchant armour
 o - a scroll of immolation {unknown}
 s - a scroll of fear {unknown}
 w - a scroll of torment
 x - a scroll of teleportation
Potions
 e - 2 potions of ambrosia
 m - 2 potions of haste
 r - 3 potions of curing
Books
 b - a book of Air

   Spells                             Type                      Level
   a - Shock                          Conjuration/Air              1
   b - Swiftness                      Charms/Air                   2
   c - Repel Missiles                 Charms/Air                   2
   d - Static Discharge               Conjuration/Air              3
   e - Lightning Bolt                 Conjuration/Air              5
 l - Kikubaaqudgha's Incunabulum of Sinister Magic
   (Kikubaaqudgha gifted it to you on level 3 of the Dungeon)

   Spells                             Type                      Level
   a - Animate Skeleton               Necromancy                   1
   b - Corpse Rot                     Necromancy                   2
   c - Sublimation of Blood           Necromancy                   2
   d - Vampiric Draining              Necromancy                   3
   e - Control Undead                 Necromancy                   4
 t - a book of Enchantments

   Spells                             Type                      Level
   a - Cause Fear                     Hexes                        4
   b - Yara's Violent Unravelling     Hexes/Transmutation          5
   c - Silence                        Hexes/Air                    5
   d - Deflect Missiles               Charms/Air                   6
   e - Haste                          Charms                       6
   f - Discord                        Hexes                        8
Comestibles
 c - 3 bread rations
 n - a beef jerky

Table legend:
 A = Turns spent in this place as a percentage of turns spent in the entire game.
 B = Non-inter-level travel turns spent in this place as a percentage of non-inter-level travel turns spent in the entire game.
 C = Inter-level travel turns spent in this place as a percentage of turns spent in this place.
 D = Turns resting spent in this place as a percentage of non-inter-level travel turns spent in this place.
 E = Turns spent auto-exploring this place as a percentage of non-inter-level travel turns spent in this place.
 F = Non-inter-level travel turns spent in this place divided by the number of levels of this place that you've seen.
                   A       B       C       D       E      F
               +-------+-------+-------+-------+-------+----------------------
         Total | 100.0 | 100.0 |   0.8 |   1.0 |   9.6 | 208.5
       Dungeon | 100.0 | 100.0 |   0.8 |   1.0 |   9.6 | 208.5
               +-------+-------+-------+-------+-------+----------------------


   Skills:
 + Level 2.6 Axes
 - Level 1.5 Dodging
 - Level 1.5 Stealth
 - Level 1.5 Spellcasting
 - Level 1.0 Conjurations
 - Level 4.3 Air Magic


You had 4 spell levels left.
You knew the following spells:

 Your Spells              Type           Power        Failure   Level  Hunger
a - Shock                 Conj/Air       #...         12%         1    ##.....
b - Swiftness             Chrm/Air       #.......     17%         2    ###....


Dungeon Overview and Level Annotations

Branches:
Dungeon (4/15)
 Temple: D:4-7

Altars:
Gozag
Kikubaaqudgha
Yredelemnul

Shops:
D:4 *

Annotations:
D:3 epen's ghost, amateur NaGl


Message History

A worker ant comes into view.
Gozag incites the worker ant against you.
The worker ant goes berserk!
The hound bites you. The hound closely misses you.
You see here a pair of boots.
v - a pair of boots The worker ant bites you.
The hound completely misses you. The worker ant barely misses you.
Found a scroll of identify.
The worker ant barely misses you. The worker ant bites you.
The worker ant bites you!
* * * LOW HITPOINT WARNING * * *
The worker ant barely misses you.
Found 18 gold pieces.
The hound bites you.
* * * LOW HITPOINT WARNING * * *
The worker ant bites you.
You die...
Kikubaaqudgha rasps: "You have failed me!
Welcome... death!"

......#.# ..#..#.#
###.#..#.##
.........#
...#.#...#
###..#.#...#######
....#............
####.##.#..########
#.@h....#.......#
#.#a?...#.#..##.#
.$.#..#....#...[
######.#..#.#.###..
#.#..#.... .#
#.#..#.#.# #
..#..#.#.# ###..# .


You could see a hound and a worker ant (berserk).

Table legend:
 A = Kills in this place as a percentage of kills in entire the game.
 B = Kills by you in this place as a percentage of kills by you in the entire game.
 C = Kills by friends in this place as a percentage of kills by friends in the entire game.
 D = Other kills in this place as a percentage of other kills in the entire game.
 E = Experience gained in this place as a percentage of experience gained in the entire game.
 F = Experience gained in this place divided by the number of levels of this place that you have seen.
                   A       B       C       D       E      F
               +-------+-------+-------+-------+-------+----------------------
         Total | 100.0 | 100.0 |  -nan |  -nan | 100.0 |  48.8
       Dungeon | 100.0 | 100.0 |  -nan |  -nan | 100.0 |  48.8
               +-------+-------+-------+-------+-------+----------------------

Vanquished Creatures
  4 adders
  5 worms
  2 dart slugs (D:2)
  5 giant geckos
  5 orcs
  A ball python (D:1)
  3 bats (D:1)
  4 giant cockroaches
  4 goblins
  4 hobgoblins
  6 jackals
  14 kobolds
  A quokka (D:2)
  A giant newt (D:2)
  A quokka skeleton (D:4)
  12 rats
72 creatures vanquished.

Action                   |  1- 3 |  4- 6 || total
-------------------------+-------+-------++-------
Melee: Whip              |    45 |       ||    45
       Unarmed           |     1 |       ||     1
       Hand axe          |    16 |   117 ||   133
 Cast: Shock             |    46 |    32 ||    78
  Use: Scroll            |     2 |     2 ||     4
 Stab: Sleeping          |       |     1 ||     1
  Eat: Chunk             |     3 |     5 ||     8
Armor: Robe              |    19 |    27 ||    46
Dodge: Dodged            |    68 |   102 ||   170

Vault maps used:
D:1:      roderic_octagonal_star
D:2:      minmay_kobold_bridge, lemuel_round_altar
D:3:      yredelemnul_altar_generic, ecumenical_altar_1, nemelex_deck
D:4:      overflow_temple_1_default, enter_ossuary_2, nicolae_alphabet_shops,
          uniq_blork_the_orc
